Map: New Repugnancy LE

Players

ParkwayDMD - Winner!

  • Race: Zerg Zerg
  • League: Platinum
  • Spawn Location: 7:00

VOD

Have the link to the VOD?

Description

Time

  • Played on: May 13, 2019, 1:12 p.m.
  • Length: 22:31
Show
View Real Time Build Order
Export as new Build Order

ParkwayDMD Zerg - Winner!

Build Orders:  

Get SALT Encoding   

  12  0:25  Spawning Pool  
  11  0:30  Drone  
  11  0:37  Drone  
  13  0:44  Drone  
  14  0:56  Overlord  
  14  1:30  Zergling x4  
  14  1:32  Zergling x2  
  17  1:47  Zergling x2  
  18  1:53  Hatchery  
  17  2:06  Zergling x2  
  18  2:16  Zergling x2  
  19  2:36  Queen  
  19  2:38  Drone  
  22  2:58  Overlord  
  21  3:17  Drone  
  20  3:39  Drone x3  
  23  3:41  Queen x2  
  27  3:52  Drone x2  
  28  4:04  Drone  
  28  4:05  Drone  
  29  4:19  Drone  
  30  4:20  Drone  
  31  4:40  Evolution Chamber  
  31  4:42  Evolution Chamber  
  31  4:47  Roach Warren, Drone x2  
  31  4:48  Drone  
  31  4:56  Spine Crawler  
  29  5:07  Drone x3  
  33  5:20  Drone x2  
  34  5:32  Overlord  
  34  5:40  Extractor  
  34  5:44  Extractor, Drone x2  
  34  5:45  Drone  
  35  5:52  Drone  
  35  5:57  Overlord  
  35  5:58  Drone  
  35  5:59  Drone  
  38  6:01  Drone  
  38  6:02  Drone  
  40  6:35  Drone x5  
  40  6:36  Drone x3  
  48  6:41  Extractor  
  48  6:44  Extractor  
  46  6:54  Drone x2  
  48  7:11  Drone  
  48  7:12  Drone  
  50  7:30  Roach  
  50  7:33  Overlord x3  
  52  7:52  Hatchery  
  52  7:54  Zerg Melee Weapons Level 1  
  52  7:55  Baneling Nest  
  52  7:56  Zerg Ground Armor Level 1  
  52  7:58  Hatchery  
  49  8:04  Zergling x4  
  49  8:05  Zergling x10  
  56  8:14  Zergling x8  
  60  8:24  Queen  
  62  8:45  Zergling x14  
  69  9:17  Lair  
  69  9:21  Drone x7  
  69  9:23  Overlord x2  
  76  9:41  Metabolic Boost  
  76  9:42  Zergling x2  
  76  9:43  Zergling x10  
  82  9:51  Zergling x8  
  86  10:02  Drone x4  
  90  10:33  Drone x2  
  90  10:34  Drone x8  
  100  10:42  Overlord x3  
  100  10:43  Overlord  
  100  10:44  Zergling x2  
  100  10:45  Zergling x2  
  102  10:56  Extractor  
  102  10:57  Extractor, Zergling x8  
  104  11:27  Zergling x12  
  104  11:28  Zergling x14  
  117  11:36  Hydralisk Den  
  116  11:41  Infestation Pit  
  115  11:56  Zerg Ground Armor Level 2  
  115  11:59  Zerg Melee Weapons Level 2  
  116  12:10  Baneling x8  
  116  12:11  Baneling x8  
  70  12:40  Zergling x2  
  70  12:41  Zergling x36  
  70  12:42  Zergling x4  
  90  12:51  Zergling x2  
  90  12:52  Zergling x4  
  89  13:13  Zergling x12  
  89  13:18  Centrifical Hooks  
  94  13:29  Zergling x6  
  82  13:30  Zergling x8  
  81  14:07  Hive  
  81  14:16  Zergling x4  
  81  14:17  Zergling x24  
  95  14:48  Hydralisk x3  
  95  14:49  Hydralisk x7  
  115  14:59  Hatchery  
  114  15:07  Zergling x12  
  114  15:09  Zerg Missile Weapons Level 1  
  120  15:14  Baneling  
  120  15:15  Baneling x16  
  120  15:19  Baneling x4  
  120  15:20  Baneling x3  
  120  15:22  Zergling x4  
  120  15:23  Zergling x16  
  120  15:25  Overlord  
  120  15:28  Overlord  
  130  16:03  Queen  
  130  16:05  Overlord x3  
  130  16:06  Hydralisk, Overlord x2  
  130  16:07  Hydralisk x5  
  130  16:09  Zergling x4  
  146  16:15  Drone x3  
  146  16:16  Drone  
  146  16:18  Drone  
  151  16:20  Drone  
  152  16:30  Overlord x2  
  152  16:34  Drone x3  
  152  16:36  Drone  
  152  16:38  Drone  
  157  16:40  Drone  
  157  16:46  Drone x3  
  161  16:51  Drone  
  161  16:52  Drone x2  
  161  16:55  Overlord  
  161  16:58  Drone  
  161  16:59  Drone  
  166  17:04  Overseer x3  
  166  17:24  Zergling x20  
  166  17:25  Zergling x4  
  143  18:34  Zergling x10  
  143  18:35  Zergling x20  
  154  19:09  Zergling x14  
  161  19:10  Zergling x6  
  161  19:13  Extractor x2  
  161  19:16  Hatchery  
  158  19:31  Pneumatized Carapace  
  154  19:41  Zergling x2  
  154  19:42  Zergling x28  
  154  19:43  Zergling x4  
  165  20:05  Baneling x15  
  165  20:06  Baneling x2  
  160  20:15  Hydralisk  
  160  20:16  Hydralisk x12  
  160  20:17  Hydralisk  
  160  20:18  Zergling x8  
  188  20:22  Zergling x2  
  163  21:15  Hydralisk  
  163  21:16  Hydralisk x9, Zergling x2  
  163  21:17  Zergling x18  
Tags
 
Add a new tag
Caveats
  • Supply blocks, unpowered buildings, or Contaminate may cause inaccurate times.
  • Supply counts are checked every 10 seconds.